 Dungeon Crawl Stone Soup version 0.19.0-11-g3fc08b3 (webtiles) character file.

51 Stormleaks the Sneak (level 3, 0/28 HPs)
             Began as a Demonspawn Assassin on Nov 8, 2016.
             Slain by an ogre
             ... wielding a +0 giant club
              (12 damage)
             ... on level 4 of the Dungeon.
             The game lasted 00:04:34 (1705 turns).

Stormleaks the Sneak (Demonspawn Assassin)          Turns: 1705, Time: 00:04:35

Health: 0/28       AC:  6    Str: 11    XL:     3   Next: 58%
Magic:  3/3        EV: 12    Int: 12    God:
Gold:   166        SH:  0    Dex: 15    Spells: 0 memorised, 2 levels left

rFire  . . .     SeeInvis .     a - +2 dagger
rCold  . . .     Gourm    .     c - +0 robe
rNeg   . . .     Faith    .     (no shield)
rPois  .         Spirit   .     (no helmet)
rElec  .         Reflect  .     d - +0 cloak
rCorr  .         Harm     .     o - +0 pair of gloves
MR     .....                    (no boots)
Stlth  +++.......               (no amulet)
                                (no ring)
                                (no ring)

@: no status effects
A: icy blue scales 1
a: no special abilities


You were on level 4 of the Dungeon.
You were not hungry.

You visited 1 branch of the dungeon, and saw 4 of its levels.

You collected 166 gold pieces.

Inventory:

Hand Weapons
 a - a +2 dagger (weapon)
 b - a +0 blowgun
Missiles
 e - 8 poisoned needles
 f - 2 curare-tipped needles
Armour
 c - a +0 robe (worn)
 d - a +0 cloak (worn)
 o - a +0 pair of gloves (worn)
Jewellery
 h - an uncursed amulet of rage {unknown}
 n - an uncursed ring of stealth {unknown}
Scrolls
 l - a scroll of enchant armour {unknown}
Potions
 i - a potion of cure mutation {unknown}
 j - 2 potions of heal wounds {unknown}
 k - a potion of degeneration {unknown}
 p - 2 potions of flight {unknown}
Books
 q - a book of Misfortune

   Spells                             Type                      Level
   a - Confusing Touch                Hexes                        1
   b - Confuse                        Hexes                        3
   c - Gell's Gravitas                Hexes/Translocation          3
   d - Petrify                        Transmutation/Earth          4
   e - Metabolic Englaciation         Hexes/Ice                    5
   f - Yara's Violent Unravelling     Hexes/Transmutation          5
Comestibles
 g - 3 bread rations
 m - a meat ration


   Skills:
 + Level 2.5 Fighting
 + Level 1.8 Short Blades
 + Level 2.0 Throwing
 + Level 1.1 Dodging
 + Level 4.4 Stealth


You had 2 spell levels left.
You didn't know any spells.

Dungeon Overview and Level Annotations

Branches:
Dungeon (4/15)
 Temple: D:4-7

Altars:
Cheibriados

Annotations:
D:4 Natasha


Innate Abilities, Weirdness & Mutations

You are partially covered in icy blue scales. (AC +2)


Message History

Done exploring.
You see here 2 stones.
There is an escape hatch in the floor here.
You slide downwards.
The hatch slams shut behind you.
An ogre and Natasha come into view.
The ogre shouts!
Found a hand axe.
Natasha claws you but does no damage.
You hit Natasha but do no damage. Natasha completely misses you.
Found a dagger.
Natasha misses you.
Found 15 gold pieces.
You swing at nothing.
Natasha closely misses you. Natasha casts a spell at you.
The magic dart hits you! Natasha casts a spell at you. The magic dart hits you!
You see here 15 gold pieces.
Natasha claws you but does no damage. The ogre hits you with a giant club!
You die...

### ##$##### #
#.O@...## ...#
#.h.....# .....#
#.......# ).....
#.......#
...8..##.......#
.............###
...8.......###
...........###
...8.8.8.....#


You could see an ogre and Natasha.

Vanquished Creatures
  An adder (D:3)
  An ooze (D:1)
  A dart slug (D:1)
  A leopard gecko (D:1)
  5 bats (D:1)
  4 giant cockroaches (D:1)
  3 goblins (D:1)
  4 hobgoblins
  A quokka (D:2)
  5 frilled lizards
  5 kobolds
  3 rats
34 creatures vanquished.

Notes
Turn   | Place    | Note
-------+----------+-------------------------------------------
     0 | D:1      | Stormleaks the Demonspawn Assassin began the quest for the Orb.
     0 | D:1      | Reached XP level 1. HP: 16/16 MP: 1/1
   178 | D:1      | Gained mutation: You are partially covered in icy blue scales. (AC +2) [demonic ancestry]
   178 | D:1      | Reached XP level 2. HP: 22/22 MP: 2/2
   231 | D:1      | Reached skill level 4 in Stealth
   437 | D:1      | Reached skill level 1 in Dodging
   449 | D:1      | Reached XP level 3. HP: 26/27 MP: 3/3
   682 | D:2      | Found a snail-covered altar of Cheibriados.
  1691 | D:4      | Noticed Natasha
  1691 | D:4      | Noticed an ogre
  1705 | D:4      | Slain by an ogre

Skill      XL: |  1  2 |
---------------+-------+-----
Throwing       | 2 |  2.0
Stealth        | 4 |  4.4
Dodging        | 1 |  1.1
Fighting       | |  2.5
Short Blades   | |  1.8

Action                   || total
-------------------------++-------
Melee: Dagger            ||    87
 Stab: Sleeping          ||     6
  Eat: Bread ration      ||     1
Armor: Robe              ||    23
Dodge: Dodged            ||    57
